[ AOE2 MATCH · #508573396 ]
UnrankedCiv #61 vs Persians
Player's team · LOSS
Rival team · WIN
[ REPLAY ANALYSIS · EXTRACTED FROM THE RECORDED GAME ]
Feudal
12:50
Castle
25:00
Imperial
—
| APM avg | 35.5 |
| APM peak | 83 |
| eAPM avg | 19.8 |
| Villagers / military | 48 / 23 |
Focus
⚔️ 32.1% · 🌾 67.9%
Spearman ×11 · Unknown (2703) ×7 · Militia ×6 · Scout Cavalry ×6
Feudal
8:16
Castle
20:41
Imperial
—
| APM avg | 38.2 |
| APM peak | 67 |
| eAPM avg | 16.0 |
| Villagers / military | 81 / 18 |
Focus
⚔️ 22.4% · 🌾 77.6%
Knight ×12 · Scout Cavalry ×3 · Scorpion ×2 · Monk ×1
Match map
Initial resources + every placement click. Lines = walls · curves = elevation contours. ◆ gold · ⬟ stone · ● berries · ✦ relic · ◌ wall gap
Your base· Open — 8t gap
pierrehusson's base· ✓ Closed at 20:41 · 18t walls · 1 gate(s)
Smoothed initial terrain · ◌ = detected wall gap · hover for details
Inputs per minute
— CLB_Senafok - - pierrehusson
Build order — CLB_Senafok
First 150 of 156 actions detected
| 0:01 | Queue | Villager (Male) |
| 0:01 | Queue | Villager (Male) |
| 0:02 | Queue | Villager (Male) |
| 0:02 | Queue | Villager (Male) |
| 0:02 | Queue | Villager (Male) |
| 0:03 | Build | House |
| 0:05 | Build | House |
| 1:43 | Queue | Villager (Male) |
| 1:46 | Queue | Villager (Male) |
| 1:46 | Queue | Villager (Male) |
| 2:26 | Queue | Villager (Male) |
| 2:57 | Queue | Villager (Male) |
| 3:18 | Queue | Villager (Male) |
| 3:26 | Build | House |
| 3:39 | Queue | Villager (Male) |
| 3:53 | Queue | Villager (Male) |
| 4:26 | Build | Barracks |
| 4:38 | Queue | Villager (Male) |
| 4:43 | Queue | Villager (Male) |
| 4:44 | Queue | Villager (Male) |
| 4:44 | Queue | Villager (Male) |
| 5:17 | Build | House |
| 5:24 | Queue | Militia |
| 5:24 | Queue | Militia |
| 5:25 | Queue | Militia |
| 5:51 | Queue | Villager (Male) |
| 5:59 | Research | Loom |
| 6:20 | Queue | Militia |
| 6:21 | Queue | Militia |
| 6:27 | Queue | Villager (Male) |
| 6:53 | Queue | Militia |
| 6:56 | Queue | Villager (Male) |
| 7:11 | Queue | Villager (Male) |
| 7:29 | Build | Mill |
| 7:51 | Build | House |
| 8:03 | Queue | Villager (Male) |
| 8:15 | Queue | Villager (Male) |
| 9:17 | Queue | Villager (Male) |
| 9:18 | Queue | Villager (Male) |
| 9:18 | Queue | Villager (Male) |
| 9:41 | Queue | Villager (Male) |
| 9:41 | Queue | Villager (Male) |
| 10:35 | Build | Lumber Camp |
| 10:39 | Research | Feudal Age |
| 11:56 | Build | Palisade Wall |
| 12:13 | Build | Farm |
| 12:31 | Build | Palisade Wall |
| 12:41 | Build | Palisade Wall |
| 12:50 | Age | Feudal Age |
| 12:54 | Build | Stable |
| 13:03 | Queue | Villager (Male) |
| 13:07 | Queue | Spearman |
| 13:07 | Queue | Spearman |
| 13:24 | Research | Bloodlines |
| 13:30 | Build | Farm |
| 13:45 | Build | Farm |
| 13:52 | Queue | Villager (Male) |
| 13:57 | Queue | Scout Cavalry |
| 14:00 | Build | House |
| 14:05 | Queue | Villager (Male) |
| 14:15 | Build | House |
| 14:18 | Build | Palisade Wall |
| 14:19 | Build | Palisade Wall |
| 14:26 | Build | Farm |
| 14:27 | Queue | Villager (Male) |
| 14:52 | Build | Farm |
| 14:58 | Build | Farm |
| 15:13 | Build | Farm |
| 15:14 | Queue | Villager (Male) |
| 15:29 | Queue | Scout Cavalry |
| 15:30 | Queue | Scout Cavalry |
| 15:43 | Build | Farm |
| 15:46 | Queue | Villager (Male) |
| 15:58 | Queue | Villager (Male) |
| 16:21 | Build | Farm |
| 16:26 | Research | Double-Bit Axe |
| 16:28 | Build | House |
| 16:30 | Build | House |
| 16:42 | Queue | Villager (Male) |
| 16:44 | Build | Farm |
| 17:04 | Queue | Scout Cavalry |
| 17:04 | Queue | Scout Cavalry |
| 17:04 | Queue | Scout Cavalry |
| 17:11 | Build | Farm |
| 17:21 | Build | Mining Camp |
| 17:35 | Queue | Villager (Male) |
| 17:48 | Queue | Villager (Male) |
| 17:54 | Build | Blacksmith |
| 18:01 | Build | Palisade Gate |
| 18:07 | Build | Farm |
| 18:11 | Build | Palisade Wall |
| 18:19 | Build | Palisade Wall |
| 18:20 | Build | Palisade Wall |
| 18:24 | Queue | Villager (Male) |
| 18:30 | Build | Farm |
| 18:54 | Build | Farm |
| 18:56 | Queue | Villager (Male) |
| 19:02 | Build | Palisade Gate |
| 19:06 | Build | Palisade Wall |
| 19:08 | Build | Palisade Gate |
| 19:14 | Build | Palisade Gate |
| 19:17 | Queue | Villager (Male) |
| 19:18 | Queue | Villager (Male) |
| 19:25 | Research | Horse Collar |
| 19:42 | Build | Farm |
| 20:13 | Queue | Villager (Male) |
| 20:30 | Build | House |
| 20:39 | Queue | Villager (Male) |
| 20:41 | Build | Market |
| 20:53 | Build | Palisade Wall |
| 21:10 | Queue | Villager (Male) |
| 21:11 | Research | Town Watch |
| 21:14 | Build | Farm |
| 21:16 | Build | Farm |
| 21:22 | Build | House |
| 21:35 | Build | Farm |
| 21:49 | Build | Farm |
| 22:20 | Research | Castle Age |
| 22:26 | Build | Barracks |
| 22:40 | Build | Palisade Wall |
| 22:48 | Build | House |
| 22:49 | Queue | Villager (Male) |
| 22:49 | Queue | Villager (Male) |
| 22:52 | Build | House |
| 22:54 | Build | Palisade Wall |
| 23:05 | Queue | Spearman |
| 23:34 | Queue | Spearman |
| 23:34 | Queue | Spearman |
| 23:38 | Build | House |
| 23:39 | Build | House |
| 23:41 | Build | House |
| 23:43 | Build | House |
| 23:55 | Queue | Spearman |
| 23:55 | Queue | Spearman |
| 23:56 | Queue | Spearman |
| 24:07 | Build | Palisade Wall |
| 24:17 | Build | Palisade Wall |
| 24:23 | Queue | Spearman |
| 24:24 | Queue | Spearman |
| 24:37 | Build | House |
| 24:39 | Build | House |
| 24:41 | Build | House |
| 24:44 | Build | Palisade Wall |
| 24:46 | Build | House |
| 25:00 | Age | Castle Age |
| 25:05 | Queue | Unit 2703 |
| 25:05 | Queue | Unit 2703 |
| 25:05 | Queue | Unit 2703 |
| 25:06 | Queue | Spearman |
| 26:20 | Build | House |
Build order — pierrehusson
First 150 of 169 actions detected
| 0:02 | Queue | Villager (Male) ×5 |
| 0:03 | Build | House |
| 0:05 | Build | House |
| 1:09 | Build | Lumber Camp |
| 1:24 | Queue | Villager (Male) |
| 1:24 | Queue | Villager (Male) |
| 1:24 | Queue | Villager (Male) |
| 1:25 | Queue | Villager (Male) |
| 2:05 | Queue | Villager (Male) |
| 2:06 | Queue | Villager (Male) |
| 2:06 | Queue | Villager (Male) |
| 2:07 | Queue | Villager (Male) |
| 2:07 | Queue | Villager (Male) |
| 2:07 | Queue | Villager (Male) |
| 2:07 | Queue | Villager (Male) |
| 2:42 | Queue | Villager (Male) |
| 2:42 | Queue | Villager (Male) |
| 2:42 | Queue | Villager (Male) |
| 2:42 | Queue | Villager (Male) |
| 2:42 | Queue | Villager (Male) |
| 2:43 | Queue | Villager (Male) |
| 2:43 | Queue | Villager (Male) |
| 2:43 | Queue | Villager (Male) |
| 3:12 | Queue | Villager (Male) |
| 3:12 | Queue | Villager (Male) |
| 3:12 | Queue | Villager (Male) |
| 3:43 | Build | House |
| 3:59 | Queue | Villager (Male) |
| 4:07 | Build | Mill |
| 4:15 | Queue | Villager (Male) |
| 4:41 | Queue | Villager (Male) |
| 5:07 | Queue | Villager (Male) |
| 5:07 | Queue | Villager (Male) |
| 5:07 | Queue | Villager (Male) |
| 5:10 | Queue | Villager (Male) |
| 5:11 | Queue | Villager (Male) |
| 5:11 | Queue | Villager (Male) |
| 5:11 | Queue | Villager (Male) |
| 5:12 | Queue | Villager (Male) |
| 5:28 | Research | Loom |
| 6:12 | Research | Feudal Age |
| 7:04 | Build | House |
| 7:29 | Build | Barracks |
| 7:48 | Queue | Villager (Male) |
| 8:16 | Age | Feudal Age |
| 8:24 | Queue | Villager (Male) |
| 8:30 | Build | Stable |
| 8:36 | Queue | Villager (Male) |
| 8:58 | Queue | Villager (Male) |
| 9:16 | Queue | Scout Cavalry |
| 9:16 | Queue | Scout Cavalry |
| 9:38 | Queue | Villager (Male) |
| 10:00 | Queue | Villager (Male) |
| 10:12 | Queue | Villager (Male) |
| 11:03 | Queue | Villager (Male) |
| 11:05 | Queue | Villager (Male) |
| 11:12 | Build | House |
| 11:14 | Build | Palisade Wall |
| 11:23 | Queue | Villager (Male) |
| 11:31 | Queue | Scout Cavalry |
| 11:37 | Build | House |
| 11:51 | Build | Palisade Wall |
| 12:13 | Queue | Villager (Male) |
| 12:31 | Queue | Villager (Male) |
| 12:37 | Build | Palisade Wall |
| 13:02 | Queue | Villager (Male) |
| 13:03 | Queue | Villager (Male) |
| 13:11 | Research | Double-Bit Axe |
| 13:38 | Queue | Villager (Male) |
| 13:42 | Build | Blacksmith |
| 13:43 | Build | House |
| 13:59 | Queue | Villager (Male) |
| 14:04 | Build | Farm |
| 14:05 | Build | Farm |
| 14:09 | Build | Farm |
| 14:13 | Queue | Villager (Male) |
| 14:25 | Queue | Villager (Male) |
| 14:29 | Build | Farm |
| 14:45 | Build | Farm |
| 14:47 | Build | Farm |
| 14:52 | Queue | Villager (Male) |
| 14:55 | Build | Farm |
| 15:01 | Queue | Villager (Male) |
| 15:05 | Queue | Villager (Male) |
| 15:12 | Build | Mining Camp |
| 15:17 | Build | Farm |
| 15:28 | Queue | Villager (Male) |
| 15:51 | Queue | Villager (Male) |
| 16:02 | Build | Farm |
| 16:04 | Build | Farm |
| 16:07 | Build | Farm |
| 16:38 | Queue | Villager (Male) |
| 16:43 | Build | Farm |
| 16:46 | Build | Farm |
| 16:54 | Queue | Villager (Male) |
| 16:59 | Build | Farm |
| 17:20 | Queue | Villager (Male) |
| 17:26 | Build | Farm |
| 17:27 | Build | Farm |
| 17:27 | Build | Farm |
| 17:28 | Build | Farm |
| 17:47 | Build | Farm |
| 18:16 | Research | Castle Age |
| 18:16 | Research | Castle Age |
| 18:16 | Research | Castle Age |
| 18:17 | Research | Castle Age |
| 18:17 | Research | Castle Age |
| 18:17 | Research | Castle Age |
| 18:17 | Research | Castle Age |
| 18:18 | Research | Castle Age |
| 18:18 | Research | Castle Age |
| 18:25 | Build | Farm |
| 18:42 | Research | Horse Collar |
| 18:42 | Research | Horse Collar |
| 18:43 | Research | Horse Collar |
| 18:53 | Build | Farm |
| 19:11 | Build | House |
| 19:24 | Research | Bloodlines |
| 19:32 | Build | Stable |
| 19:41 | Research | Scale Barding Armor |
| 20:04 | Build | Palisade Gate |
| 20:19 | Build | House |
| 20:31 | Queue | Villager (Male) |
| 20:41 | Age | Castle Age |
| 20:43 | Build | Farm |
| 20:45 | Queue | Knight |
| 20:45 | Queue | Knight |
| 20:52 | Research | Bow Saw |
| 20:54 | Queue | Villager (Male) |
| 21:02 | Build | Farm |
| 21:07 | Queue | Knight |
| 21:07 | Queue | Knight |
| 21:21 | Research | Husbandry |
| 21:25 | Build | Farm |
| 21:33 | Build | House |
| 21:43 | Queue | Villager (Male) |
| 21:55 | Queue | Villager (Male) |
| 22:00 | Queue | Knight ×2 |
| 22:29 | Queue | Villager (Male) |
| 22:37 | Build | Monastery |
| 22:42 | Build | House |
| 22:43 | Build | House |
| 22:48 | Queue | Knight |
| 22:49 | Queue | Knight |
| 22:52 | Queue | Villager (Male) |
| 22:53 | Queue | Villager (Male) |
| 22:53 | Queue | Villager (Male) |
| 23:13 | Queue | Villager (Male) |
| 23:41 | Queue | Villager (Male) |
| 23:45 | Queue | Knight |
Match timeline
| 4:26 | CLB_Senafok · first_building Barracks |
| 7:29 | pierrehusson · first_building Barracks |
| 8:16 | pierrehusson · age_up feudal |
| 8:30 | pierrehusson · first_building Stable |
| 11:14 | pierrehusson · wall_segment Palisade Wall x1 |
| 11:51 | pierrehusson · wall_segment Palisade Wall x12 |
| 11:56 | CLB_Senafok · wall_segment Palisade Wall x5 |
| 12:31 | CLB_Senafok · wall_segment Palisade Wall x8 |
| 12:37 | pierrehusson · wall_segment Palisade Wall x5 |
| 12:41 | CLB_Senafok · wall_segment Palisade Wall x6 |
| 12:50 | CLB_Senafok · age_up feudal |
| 12:54 | CLB_Senafok · first_building Stable |
| 14:18 | CLB_Senafok · wall_segment Palisade Wall x1 |
| 14:19 | CLB_Senafok · wall_segment Palisade Wall x1 |
| 18:11 | CLB_Senafok · wall_segment Palisade Wall x8 |
| 18:19 | CLB_Senafok · wall_segment Palisade Wall x15 |
| 18:20 | CLB_Senafok · wall_segment Palisade Wall x1 |
| 19:06 | CLB_Senafok · wall_segment Palisade Wall x7 |
| 20:41 | pierrehusson · age_up castle |
| 20:53 | CLB_Senafok · wall_segment Palisade Wall x1 |
| 22:09 | CLB_Senafok · first_market_buy 100 food |
| 22:11 | CLB_Senafok · first_market_sell 100 stone |
| 22:37 | pierrehusson · first_building Monastery |
| 22:40 | CLB_Senafok · wall_segment Palisade Wall x11 |
| 22:54 | CLB_Senafok · wall_segment Palisade Wall x1 |
| 24:07 | CLB_Senafok · wall_segment Palisade Wall x1 |
| 24:17 | CLB_Senafok · wall_segment Palisade Wall x1 |
| 24:44 | CLB_Senafok · wall_segment Palisade Wall x1 |
| 25:00 | CLB_Senafok · age_up castle |
| 25:24 | pierrehusson · first_building Siege Workshop |
| 27:12 | CLB_Senafok · resign |
[ AI ANALYSIS · 1 CREDIT ]
What really happened in this match?
Wolo.gg analyzes every decision: build order, eco, micro, common mistakes by bracket. Personalized analysis on WhatsApp or Discord in 30 seconds.
Civ guide
Civ #61
Perfil
Jugador #4872010